 Dungeon Crawl Stone Soup version 0.31-a0-705-ga145531891 (webtiles) character file.

Game seed: 10513938707805538709

247171 randomguy2701 the Severer (level 19, -4/174 HPs)
             Began as a Hill Orc Fighter on Sept 10, 2023.
             Was the Champion of Beogh.
             Slain by a vampire knight
             ... wielding a +0 bardiche of protection
              (8 damage)
             ... on level 2 of the Vaults.
             The game lasted 02:54:46 (51760 turns).

randomguy2701 the Severer (Hill Orc Fighter)       Turns: 51760, Time: 02:54:47

Health: -4/174     AC: 36    Str: 33    XL:     19   Next: 53%
Magic:  23/27      EV: 15    Int:  8    God:    Beogh [******]
Gold:   1811       SH:  0    Dex: 18    Spells: 17/18 levels left

rFire   + + +        J - +9 hand axe (drain)
rCold   + + .        c - +2 kite shield {rC+ rF+}
rNeg    . . .        a - +7 plate armour of Zin's Respect {rCorr}
rPois   +            O - +2 helmet of Minor Irritation {rC++ Dex-2}
rElec   .            W - +0 cloak {rPois}
rCorr   +            N - +3 pair of gauntlets of War {Slay+5}
SInv    .            b - +1 pair of boots
Will    .....        F - amulet "Tompuvvi" {RegenMP rF+++ Will- Str+8 Dex+2} Stlth
                     K - +4 ring of slaying
HPRegen 0.49/turn    o - +6 ring of dexterity
MPRegen 0.60/turn

%: no passive effects
@: confused, ambrosia-drunk, marked, studying 2 skills
A: walk on water, cold vulnerability 1
}: 2/15 runes: serpentine, barnacled
a: Renounce Religion, Smiting, Recall Orcish Followers, Give Item to Named
Follower, Resurrection


You were on level 2 of the Vaults.
You worshipped Beogh.
Beogh was exalted by your worship.
You visited 7 branches of the dungeon, and saw 33 of its levels.
You visited 1 bazaar.
You also visited: Ice Cave and Volcano.

You collected 4334 gold pieces.
You spent 2523 gold pieces at shops.

Inventory:

Hand Weapons
 J - a +9 hand axe of draining (weapon)
 Q - a +2 orcbow of draining
Armour
 a - the +7 plate armour of Zin's Respect (worn) {rCorr}
   (You found it on level 1 of the Lair of Beasts)

   rCorr:     It protects you from acid and corrosion.
 b - a +1 pair of boots (worn)
 c - a +2 kite shield of resistance (worn)
 N - the +3 pair of gauntlets of War (worn) {Slay+5}
   (You bought it in a shop on level 2 of the Orcish Mines)

   Slay+5:    It affects your accuracy & damage with ranged weapons and melee
   (+5).
 O - the +2 helmet of Minor Irritation (worn) {rC++ Dex-2}
   (You bought it in a shop in a bazaar)

   Dex-2:     It affects your dexterity (-2).
   rC++:      It greatly protects you from cold.
 W - a +0 cloak of poison resistance (worn)
Jewellery
 e - an amulet of regeneration
 j - a ring of resist corrosion
 o - a +6 ring of dexterity (right hand)
 q - an amulet of reflection
 s - a +4 ring of protection
 w - a ring of flight
 E - the ring "Fafredui" {rC- Str+2 Int+2 SInv}
   (You found it on level 7 of the Dungeon)

   [ring of see invisible]

   Str+2:     It affects your strength (+2).
   Int+2:     It affects your intelligence (+2).
   rC-:       It makes you vulnerable to cold.
   SInv:      It lets you see invisible.
 F - the amulet "Tompuvvi" (around neck) {RegenMP rF+++ Will- Str+8 Dex+2}
   (You acquired it on level 15 of the Dungeon)

   [amulet of magic regeneration]

   RegenMP:   It increases your rate of magic regeneration.
   Str+8:     It affects your strength (+8).
   Dex+2:     It affects your dexterity (+2).
   rF+++:     It renders you almost immune to fire.
   Will-:     It decreases your willpower.
 K - a +4 ring of slaying (left hand)
 X - a +5 ring of evasion
Wands
 f - a wand of flame (97)
 y - a wand of mindburst (14)
 C - a wand of polymorph (22)
 D - a wand of charming (28)
 P - a wand of digging (4)
 Z - a wand of iceblast (17)
Scrolls
 g - 6 scrolls of immolation
 i - 6 scrolls of blinking
 l - 6 scrolls of vulnerability
 m - 8 scrolls of fear
 n - a scroll of summoning
 r - 4 scrolls of revelation
 t - 8 scrolls of poison
 u - 3 scrolls of enchant weapon
 x - 2 scrolls of noise
 A - 13 scrolls of teleportation
 B - 2 scrolls of enchant armour
 I - 3 scrolls of silence
 L - 6 scrolls of fog
 R - 9 scrolls of identify
 S - 3 scrolls of torment
Potions
 d - 2 potions of cancellation
 h - 8 potions of attraction
 k - 6 potions of haste
 p - 7 potions of mutation
 v - 3 potions of lignification
 z - 2 potions of resistance
 G - a potion of magic
 H - 2 potions of curing
 M - 3 potions of invisibility
 U - 4 potions of might
 Y - 6 potions of enlightenment
Miscellaneous
 V - a lightning rod (4/4)


   Skills:
 + Level 16.9 Fighting
 + Level 20.2 Axes
 + Level 3.2 Ranged Weapons
 + Level 15.5 Armour
 + Level 13.1 Dodging
 + Level 5.0 Stealth
 + Level 19.8 Shields
 + Level 0.5 Unarmed Combat
 * Level 6.6 Conjurations
 + Level 11.7 Invocations
 + Level 1.5 Evocations


You had 17 spell levels left.
You knew the following spells:

 Your Spells              Type           Power      Damage    Failure   Level
a - Magic Dart            Conj           40%        1d5       16%         1

Your spell library contained the following spells:

 Spells                   Type           Power      Damage    Failure   Level
 Searing Ray              Conj           20%        2d5       24%         2
 Momentum Strike          Conj/Tloc      10%        3d8       67%         2
 Hailstorm                Conj/Ice       5%         3d4       88%         3
 Apportation              Tloc           0%         N/A       94%         1
 Freeze                   Ice            0%         1d3       94%         1
 Necrotise                Necr           0%         1d4       94%         1
 Slow                     Hex            0%         N/A       94%         1
 Summon Small Mammal      Summ           0%         N/A       94%         1
 Blink                    Tloc           0%         N/A       98%         2
 Cigotuvi's Dreadful Rot  Necr/Pois/Air  0%         N/A       98%         2
 Ensorcelled Hibernation  Hex/Ice        0%         N/A       98%         2
 Jinxbite                 Hex            0%         N/A       98%         2
 Lesser Beckoning         Tloc           0%         N/A       98%         2
 Sublimation of Blood     Necr           0%         N/A       98%         2
 Wereblood                Tmut           0%         N/A       98%         2
 Fulminant Prism          Conj/Hex       2%         3d5       99%         4
 Iskenderun's Mystic Bla  Conj/Tloc      5%         2d3       99%         4
 Sticky Flame             Conj/Fire      5%         2d3       99%         4
 Confusing Touch          Hex            0%         N/A       100%        3
 Frozen Ramparts          Ice            0%         1d1       100%        3
 Gell's Gravitas          Tloc           0%         N/A       100%        3
 Ignite Poison            Fire/Tmut/Pois 0%         N/A       100%        3
 Inner Flame              Hex/Fire       0%         N/A       100%        3
 Sigil of Binding         Hex            0%         N/A       100%        3
 Teleport Other           Tloc           0%         N/A       100%        3
 Tukima's Dance           Hex            0%         N/A       100%        3
 Vampiric Draining        Necr           0%         2d6       100%        3
 Anguish                  Hex/Necr       0%         N/A       100%        4
 Animate Dead             Necr           0%         N/A       100%        4
 Dimensional Bullseye     Hex/Tloc       0%         N/A       100%        4
 Dispel Undead            Necr           0%         3d6       100%        4
 Passage of Golubria      Tloc           0%         N/A       100%        4
 Vhi's Electric Charge    Tloc/Air       0%         N/A       100%        4
 Freezing Cloud           Conj/Ice/Air   1%         6-21      100%        5
 Silence                  Hex/Air        0%         N/A       100%        5
 Summon Forest            Summ/Tloc      0%         N/A       100%        5
 Summon Mana Viper        Hex/Summ       0%         N/A       100%        5
 Yara's Violent Unravell  Hex/Tmut       0%         3d3       100%        5
 Death Channel            Necr           0%         N/A       100%        6
 Dispersal                Tloc           0%         N/A       100%        6
 Summon Cactus Giant      Summ           0%         N/A       100%        6
 Enfeeble                 Hex            0%         N/A       100%        7
 Haunt                    Necr/Summ      0%         N/A       100%        7
 Summon Hydra             Summ           0%         N/A       100%        7
 Ignition                 Fire           0%         3d3       100%        8
 Infestation              Necr           0%         N/A       100%        8
 Lehudib's Crystal Spear  Conj/Erth      2%         10d2      100%        8


Dungeon Overview and Level Annotations

Branches:
Dungeon (15/15)            Temple (0/1) D:7            Lair (5/5) D:9
 Shoals (4/4) Lair:2        Snake (4/4) Lair:3        Slime (1/5) Lair:4
    Orc (2/2) D:9             Elf (0/3) Orc:2        Vaults (2/5) D:13
 Depths (0/4) D:15          IceCv (visited)         Volcano (visited)
  Crypt: Vaults:2-3

Altars:
Ashenzari
Dithmenos
Fedhas
Gozag
Hepliaklqana
Kikubaaqudgha
Nemelex Xobeh
Ru
Sif Muna
Trog
Uskayaw
Vehumet
Wu Jian
Xom
Yredelemnul
Zin
Beogh

Shops:
D:3 *   D:5 *   D:11 *:   D:14 *   Orc:2 (([*=

Portals:
Wizlab: Vaults:2

Annotations:
D:10 5 transporters
Lair:5 3 runed translucent doors, Zonian's ghost, journeyman AtFi


Innate Abilities, Weirdness & Mutations

You can walk on water.
You are vulnerable to cold. (rC-)


Message History

Aiming: Smiting
Press: ? - help, Dir - move target, f - stone giant Smite: a stone giant, quivering large rocks You smite the stone giant!!
The stone giant is moderately wounded.
The stone giant throws a large rock.
The large rock hits you.
* * * LOW HITPOINT WARNING * * *
You hear some strange, mumbled words.
Ognian easily resists.
Aiming: Smiting
Press: ? - help, Dir - move target, f/p - stone giant Smite: a stone giant, quivering large rocks (moderately wounded)
You smite the stone giant!!
The stone giant is heavily wounded.
Bogward seems less drained.
The stone giant throws a large rock.
The large rock hits Ognian!
Aiming: Smiting
Press: ? - help, Dir - move target, f/p - stone giant Smite: a stone giant, quivering large rocks (heavily wounded)
You smite the stone giant!!
The stone giant is almost dead.
The stone giant throws a large rock.
You block the large rock. Something hits you!
* * * LOW HITPOINT WARNING * * *
Aiming: Smiting
Press: ? - help, Dir - move target, f/p - stone giant Smite: a stone giant, quivering large rocks (almost dead, ally target)
You smite the stone giant!!
You kill the stone giant!
Beogh accepts your kill. Something barely misses you.
You swap places.
Something hits you!
* * * LOW HITPOINT WARNING * * *
You are confused.
You feel invigorated.
Bogward unwields a +0 battleaxe.
Bogward wields a +0 orcbow.
Bogward shoots an arrow.
The arrow barely misses the tengu reaver.
Something hits you!
You die...

......#..?)).Q.....
......#.†.(#.......
..... #....#.......
### #..Q.#.......
#)...#.......
#....#####++#
#....# #..o.#
#@...# #o...#
#....# #....#
######


You could see a tengu reaver (ally target), the friendly Bogward the orc warlord
(strong) and the friendly Ognian the orc warlord (strong).

Vanquished Creatures
  Saint Roka (Orc:2)
  The ghost of SirDiesAlot the Severer, an adept MiBe of Trog (Snake:4)
  An acid blob (Slime:1)
  2 krakens
  Kirke (D:13)
  An azure jelly (Slime:1)
  5 nagarajas
  Louise (Shoals:1)
  3 ironbound preservers
  2 formless jellyfish (Vaults:1)
  A ghoul (Vaults:2)
  A stone giant (Vaults:2)
  An ironbound thunderhulk (Vaults:2)
  8 dire elephants
  5 merfolk impalers
  4 merfolk javelineers
  An entropy weaver (shapeshifter) (D:13)
  3 yaktaur captains
  3 vault guards (D:13)
  7 hydras
  5 ironbound frosthearts
  An anaconda (Snake:4)
  An ice dragon (Lair:5)
  2 alligator snapping turtles
  A catoblepas (Shoals:3)
  3 merfolk avatars
  A salamander tyrant (Snake:4)
  4 centaur warriors
  8 death yaks
  10 naga warriors
  A satyr (Shoals:3)
  5 merfolk aquamancers
  8 two-headed ogres
  A vampire mage (D:15)
  A tengu warrior (D:15)
  6 naga sharpshooters
  A shock serpent (Snake:3)
  An orc high priest (Orc:2)
  A fire crab (shapeshifter) (D:13)
  3 salamander mystics
  4 skysharks
  Lodul (D:13)
  10 deep trolls
  12 sea snakes
  3 ironbound convokers (Vaults:2)
  3 naga ritualists (Snake:4)
  A wizard (Vaults:1)
  A glowing orange brain (Vaults:1)
  3 lindwurms
  7 ugly things
  A phantasmal warrior (Vaults:2)
  18 harpies
  A deep elf pyromancer (D:12)
  A necromancer (D:13)
  5 mana vipers
  5 fauns
  6 cyclopes
  8 manticores
  4 salamanders
  A frost giant skeleton (D:15)
  9 elephants
  10 merfolk sirens
  3 water nymphs (Shoals:3)
  2 gargoyles
  11 vault sentinels
  9 naga magi
  An unseen horror (D:13)
  9 black mambas
  4 torpor snails
  Maggie (Lair:2)
  12 cane toads
  7 komodo dragons
  8 yaktaurs (Vaults:1)
  6 rime drakes
  A kobold demonologist (D:12)
  4 trolls
  35 merfolk
  A meliai (shapeshifter) (D:15)
  7 polar bears
  4 hornets
  5 wind drakes
  20 dream sheep
  8 blink frogs
  5 snapping turtles
  3 tyrant leeches (Lair:5)
  19 slime creatures
  A centaur simulacrum (D:15)
  A wraith (D:14)
  A culicivora (Vaults:2)
  A yak (shapeshifter) (D:15)
  35 yaks
  A shadow (D:10)
  2 vampires
  5 wyverns
  15 humans
  3 fire bats (Volcano)
  8 water elementals
  2 steam dragons
  Grum (Lair:1)
  3 basilisks
  A death yak simulacrum (IceCv)
  2 vampire mosquitoes (D:14)
  2 wargs
  25 nagas
  An acid dragon (D:13)
  2 hell hounds (Volcano)
  12 water moccasins
  9 orc warriors
  3 sky beasts (D:7)
  2 ice beasts
  3 black bears
  12 wolves
  10 ogres
  8 centaurs
  7 kobold brigands
  23 bullfrogs
  3 gnoll sergeants
  2 scorpions
  A cane toad simulacrum (IceCv)
  21 wights
  8 killer bees
  A human simulacrum (Vaults:1)
  An electric eel (Lair:2)
  2 elephant simulacra
  A howler monkey (D:9)
  A hound (D:5)
  An orc priest (Orc:2)
  3 sleepcaps
  A jelly (D:6)
  Natasha (thrice) (D:2)
  6 orc wizards
  A troll simulacrum (Orc:2)
  2 spriggan simulacra (Orc:2)
  A statue (D:4)
  2 polar bear simulacra (IceCv)
  A wolf simulacrum (IceCv)
  7 gnolls
  6 adders
  A shadow imp (D:7)
  A white imp (D:6)
  An ufetubus (D:5)
  A worm (D:4)
  3 dart slugs
  24 orcs
  4 ball pythons
  5 bats
  5 endoplasms
  4 giant cockroaches
  5 goblins
  8 hobgoblins
  2 jackals (D:5)
  12 kobolds
  4 quokkas
  A frilled lizard (D:2)
  8 rats
  A spectral weapon (Snake:3)
  3 tentacles
784 creatures vanquished.

Vanquished Creatures (collateral kills)
  Bai Suzhen (Snake:3)
  Jorgrun (Shoals:3)
  Polyphemus (Shoals:3)
  5 nagarajas (Snake:4)
  An orc warlord (Orc:2)
  A caustic shrike zombie (D:15)
  A formless jellyfish (Vaults:1)
  2 ironbound preservers
  An ironbound thunderhulk (Vaults:1)
  Azrael (D:12)
  6 dire elephants
  Nessos (Lair:4)
  The ghost of Funteblela the Thaumaturge, a journeyman GnWn of Vehumet (Orc:1)
  5 merfolk impalers
  2 merfolk javelineers (Shoals:4)
  An entropy weaver (Vaults:2)
  2 great orbs of eyes
  2 catoblepae
  A salamander tyrant (Snake:4)
  An ironbound frostheart (Vaults:1)
  2 merfolk avatars
  2 hydras
  A merfolk aquamancer (Shoals:4)
  A rakshasa (D:15)
  A quicksilver dragon skeleton (D:15)
  2 two-headed ogres
  3 anacondas
  A centaur warrior (Vaults:1)
  2 tengu warriors (D:15)
  3 boulder beetles
  A death yak (Lair:4)
  3 naga warriors (Snake:3)
  A satyr (Shoals:3)
  2 shock serpents (Snake:1)
  5 naga sharpshooters
  Urug (D:12)
  3 skysharks
  2 skeletal warriors (D:15)
  2 sea snakes
  A salamander mystic (Snake:4)
  3 deep trolls (Vaults:2)
  2 naga ritualists
  2 lindwurms
  A wizard (D:13)
  A necromancer (D:15)
  2 deep elf pyromancers
  6 harpies
  4 mana vipers
  A tengu skeleton (D:15)
  2 ironbound convokers (Vaults:1)
  3 orc knights
  4 ugly things
  4 orc sorcerers
  A shining eye (Slime:1)
  6 manticores
  A faun (Shoals:1)
  9 salamanders
  2 merfolk sirens (Shoals:2)
  4 cyclopes
  14 black mambas
  5 elephants
  Maurice (D:11)
  9 naga magi
  An eye of devastation (Slime:1)
  A guardian serpent (Snake:3)
  3 torpor snails (Lair:5)
  4 vault sentinels
  A water nymph (Shoals:3)
  A cane toad (Lair:5)
  2 komodo dragons
  A yaktaur (Vaults:1)
  A freezing wraith (D:15)
  10 merfolk
  6 trolls
  2 wind drakes
  4 hornets (Lair:5)
  A tyrant leech (Lair:5)
  3 blink frogs
  4 snapping turtles
  2 dream sheep
  11 slime creatures
  A water elemental (Shoals:4)
  A hog (D:13)
  A basilisk (D:12)
  3 wraiths
  3 wyverns
  7 yaks
  6 humans (D:13)
  A redback (Vaults:2)
  A fire elemental (D:12)
  3 wargs
  2 death yak simulacra (Orc:2)
  3 hell hounds (D:12)
  30 nagas
  5 water moccasins
  10 orc warriors
  2 wolves
  5 ogres
  7 orc wizards
  A gnoll sergeant (D:10)
  A two-headed ogre simulacrum (Orc:2)
  3 killer bees (D:11)
  3 orc priests
  4 gnolls (D:10)
  A naga simulacrum (Orc:2)
  2 white imps (Vaults:1)
  12 orcs
  A spectral weapon (Snake:3)
340 creatures vanquished.

Vanquished Creatures (others)
  An orc warlord (Shoals:2)
  An orc high priest (Snake:4)
  Nergalle (Snake:4)
  4 orc knights
  13 orc priests
  An orc sorcerer (Orc:2)
  11 orc warriors
  A centaur (D:9)
  9 orc wizards
  33 orcs
  56 tentacles
131 creatures vanquished.

Grand Total: 1255 creatures vanquished

Notes
Turn   | Place    | Note
-------+----------+-------------------------------------------
     0 | D:1      | randomguy2701 the Hill Orc Fighter began the quest for the
                  | Orb.
     0 | D:1      | Reached XP level 1. HP: 19/19 MP: 1/1
    69 | D:1      | Reached XP level 2. HP: 27/27 MP: 2/2
   581 | D:2      | Noticed Natasha
   585 | D:2      | Killed Natasha
   586 | D:2      | Reached skill level 3 in Axes
   586 | D:2      | Reached XP level 3. HP: 24/33 MP: 3/3
   740 | D:2      | Noticed Natasha
   744 | D:2      | Reached XP level 4. HP: 41/41 MP: 4/4
   749 | D:2      | Killed Natasha
   750 | D:2      | Reached skill level 4 in Axes
  1035 | D:2      | Noticed Natasha
  1041 | D:2      | Killed Natasha
  1042 | D:2      | Reached XP level 5. HP: 38/47 MP: 5/5
  1122 | D:2      | Identified the +4 ring mail of Death's Door {Rampage +Inv}
  2133 | D:3      | Found an ancient bone altar of Kikubaaqudgha.
  2206 | D:3      | Reached skill level 1 in Dodging
  2347 | D:3      | Found a glowing silver altar of Zin.
  2378 | D:3      | Found Linkit's Assorted Antiques.
  2430 | D:3      | Reached skill level 5 in Axes
  2887 | D:4      | Reached XP level 6. HP: 53/53 MP: 6/6
  2983 | D:4      | Found an opulent altar of Gozag.
  3180 | D:4      | Found a radiant altar of Vehumet.
  3475 | D:5      | Entered Level 5 of the Dungeon
  3594 | D:5      | Noticed a black bear
  3600 | D:5      | Killed a black bear
  3601 | D:5      | Reached skill level 6 in Axes
  3625 | D:5      | Found Ugire's Assorted Antiques.
  3626 | D:5      | Found a bloodstained altar of Trog.
  3692 | D:5      | Reached XP level 7. HP: 58/60 MP: 7/7
  3697 | D:5      | Reached skill level 5 in Fighting
  4039 | D:5      | Found a shimmering altar of Xom.
  4048 | D:5      | Found a shimmering blue altar of Sif Muna.
  4326 | D:6      | Reached skill level 7 in Axes
  4475 | D:6      | Reached skill level 5 in Shields
  4684 | D:6      | Reached XP level 8. HP: 68/69 MP: 8/8
  4747 | D:6      | Found a sacrificial altar of Ru.
  4850 | D:6      | Reached skill level 8 in Axes
  4850 | D:6      | Reached skill level 5 in Armour
  5028 | D:7      | Found a staircase to the Ecumenical Temple.
  5115 | D:7      | Reached skill level 1 in Stealth
  5323 | D:7      | Found a shadowy altar of Dithmenos.
  5381 | D:7      | Found a hide-covered altar of Uskayaw.
  5394 | D:7      | Reached skill level 9 in Axes
  5611 | D:7      | Identified the ring "Fafredui" {rC- Str+2 Int+2 SInv}
  5691 | D:7      | Reached XP level 9. HP: 55/78 MP: 9/9
  5694 | D:7      | Reached skill level 10 in Axes
  5790 | D:7      | You fall into a shaft and drop 2 floors!
  6040 | D:9      | Noticed a two-headed ogre
  6124 | D:9      | Noticed a hornet
  6131 | D:9      | Killed a hornet
  6132 | D:9      | Reached skill level 11 in Axes
  6167 | D:9      | Found a staircase to the Lair.
  6206 | D:9      | Reached XP level 10. HP: 50/86 MP: 10/10
  6367 | D:8      | Reached skill level 12 in Axes
  6390 | D:8      | Found a basalt altar of Yredelemnul.
  6440 | D:8      | Found a broken altar of Ashenzari.
  6826 | D:8      | Found a sparkling altar of Nemelex Xobeh.
  6901 | D:8      | Became a worshipper of Beogh the Brigand
  7695 | D:9      | Found a staircase to the Orcish Mines.
  7712 | D:9      | Reached * piety under Beogh
  7713 | D:9      | Reached skill level 13 in Axes
  7713 | D:9      | Reached skill level 1 in Invocations
  8147 | Lair:1   | Entered Level 1 of the Lair of Beasts
  8171 | D:9      | Reached XP level 11. HP: 95/95 MP: 12/12
  8460 | D:9      | Noticed a two-headed ogre
  8483 | D:9      | Killed a two-headed ogre
  9470 | Lair:1   | Identified the +7 plate armour of Zin's Respect {rCorr}
  9879 | Lair:1   | Reached ** piety under Beogh
  9988 | Lair:1   | Noticed Grum
 10199 | Lair:1   | Killed Grum
 10434 | Lair:2   | Noticed Maggie
 10454 | Lair:1   | Reached skill level 14 in Axes
 10534 | Lair:2   | Noticed an eight-headed hydra
 10735 | Lair:2   | Killed Maggie
 10736 | Lair:2   | Reached skill level 5 in Invocations
 10833 | Lair:2   | Noticed a four-headed hydra
 10835 | Lair:2   | Noticed a lindwurm
 10840 | Lair:2   | Killed a one-headed hydra
 10841 | Lair:2   | Reached skill level 10 in Shields
 10859 | Lair:1   | Reached skill level 1 in Evocations
 10907 | Lair:1   | Killed a five-headed hydra
 11065 | Lair:2   | Reached XP level 12. HP: 102/105 MP: 16/16
 11162 | Lair:2   | Found a staircase to the Shoals.
 12306 | D:8      | Killed a two-headed ogre
 12530 | Lair:2   | Noticed a six-headed hydra
 12540 | Lair:2   | Killed a one-headed hydra
 12541 | Lair:2   | Reached skill level 10 in Fighting
 12803 | Lair:2   | Noticed a dire elephant
 12825 | Lair:2   | Found a runed translucent door.
 13423 | Lair:3   | Noticed a skyshark
 13455 | Lair:3   | Killed a skyshark
 13456 | Lair:3   | Reached skill level 15 in Axes
 13495 | Lair:3   | Found a dark tunnel.
 13504 | Volcano  | Entered a volcano
 13538 | Volcano  | Noticed a two-headed ogre
 13542 | Volcano  | Killed a two-headed ogre
 13548 | Volcano  | Reached *** piety under Beogh
 13684 | Volcano  | Noticed a two-headed ogre
 13684 | Volcano  | Noticed a two-headed ogre
 13704 | Volcano  | Killed a two-headed ogre
 13707 | Volcano  | Killed a two-headed ogre
 14240 | Lair:3   | Reached XP level 13. HP: 114/114 MP: 19/19
 14437 | Lair:3   | Found a staircase to the Snake Pit.
 15403 | Lair:4   | Found a staircase to the Slime Pits.
 15459 | Lair:4   | Reached **** piety under Beogh
 15464 | Lair:4   | Gained Judas as an ally
 15468 | Lair:4   | Reached skill level 10 in Invocations
 15593 | Lair:4   | Noticed Nessos
 15599 | Lair:4   | Killed Nessos
 17047 | Lair:5   | Entered Level 5 of the Lair of Beasts
 17059 | Lair:5   | Gained Boderik as an ally
 17064 | Lair:5   | Your ally Judas died
 17342 | Lair:5   | Reached XP level 14. HP: 124/124 MP: 22/22
 17351 | Lair:5   | Reached skill level 10 in Armour
 17477 | Lair:5   | Noticed Zonian's ghost (journeyman AtFi)
 17807 | Lair:5   | Found a runed translucent gate.
 17807 | Lair:5   | Found a runed translucent gate.
 17807 | Lair:5   | Found a runed translucent gate.
 18102 | Lair:5   | Reached ***** piety under Beogh
 18103 | Lair:5   | Reached skill level 16 in Axes
 18134 | Lair:5   | Noticed a dire elephant
 18152 | Lair:5   | Killed a dire elephant
 18958 | Lair:5   | Found a runed translucent door.
 19033 | Lair:5   | Paralysed by a hornet for 3 turns
 20587 | Lair:2   | Killed a dire elephant
 20940 | D:10     | Entered Level 10 of the Dungeon
 20943 | D:10     | Found a transporter.
 20950 | D:10     | Found a transporter.
 21350 | D:10     | Found a transporter.
 21356 | D:10     | Found a transporter.
 21459 | D:10     | Found a hazy altar of Hepliaklqana.
 21529 | D:10     | Found a blossoming altar of Fedhas.
 21537 | D:10     | Found a transporter.
 21544 | D:10     | Found a transporter.
 22476 | D:11     | Noticed Maurice
 22486 | D:11     | Killed Maurice
 22572 | D:11     | Found Facieb's Self-Improvement Boutique.
 22580 | D:11     | Bought a manual of Dodging for 880 gold pieces
 22666 | D:11     | Reached skill level 5 in Dodging
 22791 | D:11     | Found Voda's Assorted Antiques.
 22946 | D:11     | Identified the +4 spear of Ashenzari's Generosity {venom,
                  | rElec rF+ Str-3}
 23142 | Orc:1    | Entered Level 1 of the Orcish Mines
 23430 | Orc:2    | Entered Level 2 of the Orcish Mines
 23537 | Orc:2    | Found a frozen archway.
 23588 | IceCv    | Entered an ice cave
 23634 | IceCv    | Reached skill level 15 in Shields
 24979 | Orc:2    | Gained Herok as an ally
 24983 | Orc:2    | Gained Horkud as an ally
 24984 | Orc:2    | Noticed an orc warlord
 24987 | Orc:2    | Your ally Herok died
 24989 | Orc:2    | Your ally Horkud died
 24997 | Orc:2    | Killed an orc warlord
 24998 | Orc:2    | Reached skill level 1 in Ranged Weapons
 24998 | Orc:2    | Paralysed by an orc sorcerer for 3 turns
 25034 | Orc:2    | Paralysed by an orc sorcerer for 2 turns
 25037 | Orc:2    | Reached XP level 15. HP: 51/134 MP: 23/23
 25039 | Orc:2    | Found a roughly hewn altar of Beogh.
 25043 | Orc:2    | Noticed Saint Roka
 25389 | Orc:1    | Found a runed translucent gate.
 25390 | Orc:1    | Found a runed translucent gate.
 25391 | Orc:1    | Found a runed translucent gate.
 25394 | Orc:1    | Noticed Funteblela's ghost (journeyman GnWn)
 25691 | Orc:1    | Killed Funteblela's ghost
 25975 | Orc:2    | Found Texuvoer's Antique Weapon Emporium.
 26291 | D:12     | Reached skill level 17 in Axes
 26292 | D:12     | Killed Azrael
 26294 | D:12     | Noticed Urug
 26296 | D:12     | Reached ****** piety under Beogh
 26299 | D:12     | Gained Boruk as an ally
 26302 | D:12     | Gained Morbeogh as an ally
 26307 | D:12     | Your ally Morbeogh died
 26312 | D:12     | Killed Urug
 26319 | D:12     | Noticed Nergalle
 26909 | Orc:2    | Found Meexzi's General Store.
 26921 | Orc:2    | Killed Saint Roka
 27082 | Orc:2    | Found Naepn's Jewellery Shoppe.
 27087 | Orc:2    | Found Wedo Zey's Antique Armour Shoppe.
 27090 | Orc:2    | Found Uburuibi's Antique Weapon Shoppe.
 27266 | Orc:2    | Found a staircase to the Elven Halls.
 27613 | Snake:1  | Entered Level 1 of the Snake Pit
 27674 | Shoals:1 | Entered Level 1 of the Shoals
 28220 | Shoals:1 | Noticed Louise
 28238 | Shoals:1 | Killed Louise
 28996 | Shoals:2 | Your ally Boderik died
 29859 | Shoals:2 | Noticed a kraken
 29900 | Shoals:3 | Noticed a kraken
 30028 | Snake:1  | Gained Arkwar as an ally
 30727 | Snake:1  | Gained Bogward as an ally
 30728 | Snake:1  | Reached XP level 16. HP: 144/144 MP: 24/24
 31175 | Orc:2    | Bought the +3 pair of gauntlets of War {Slay+5} for 1235
                  | gold pieces
 31175 | Orc:2    | Found the +3 pair of gauntlets of War {Slay+5}
 31595 | Snake:2  | Gained Warbeogh as an ally
 31658 | Snake:2  | Identified the +0 leather armour "Byts" {Rampage}
 31701 | Snake:2  | Noticed a nagaraja
 31714 | Snake:2  | Killed a nagaraja
 34333 | Snake:3  | Noticed Bai Suzhen
 34352 | Snake:3  | Killed Bai Suzhen
 34354 | Snake:3  | Your ally Arkwar died
 34521 | Snake:3  | Identified the +3 short sword of Checkmate {spect, rN+}
 34994 | Snake:4  | Entered Level 4 of the Snake Pit
 34997 | Snake:4  | Noticed a nagaraja
 34998 | Snake:4  | Found a runed translucent door.
 34999 | Snake:4  | Noticed SirDiesAlot's ghost (adept MiBe)
 35005 | Snake:4  | Killed a nagaraja
 35022 | Snake:4  | Your ally Boruk died
 35032 | Snake:4  | Noticed a nagaraja
 35044 | Snake:4  | Killed a nagaraja
 35046 | Snake:4  | Your ally Nergalle died
 35056 | Snake:4  | Noticed a nagaraja
 35063 | Snake:4  | Noticed a nagaraja
 35064 | Snake:4  | Reached skill level 10 in Dodging
 35069 | Snake:4  | Killed a nagaraja
 35071 | Snake:4  | Killed a nagaraja
 35121 | Snake:4  | Your ally Warbeogh died
 35504 | Snake:4  | Reached skill level 18 in Axes
 36490 | Snake:4  | Reached XP level 17. HP: 132/152 MP: 25/25
 37299 | Snake:4  | Got a serpentine rune of Zot
 37371 | Snake:4  | Killed SirDiesAlot's ghost
 37864 | Slime:1  | Entered Level 1 of the Pits of Slime
 37927 | Slime:1  | Gained mutation: You are vulnerable to cold. (rC-) [a
                  | shining eye]
 38200 | Slime:1  | Noticed an acid blob
 38556 | Slime:1  | Killed an acid blob
 38704 | Slime:1  | Noticed an acid blob
 39303 | D:12     | Identified the +1 short sword "Ekeaz" {vamp, Fly}
 39932 | D:13     | Noticed Kirke
 39942 | D:13     | Killed Kirke
 40156 | D:13     | Noticed Lodul
 40171 | D:13     | Killed Lodul
 40518 | D:13     | Found a gate to the Vaults.
 40876 | D:13     | Identified the +6 sling "Kama Qig" {heavy, rPois}
 41625 | D:14     | Found Iqeg's Assorted Antiques.
 41633 | D:14     | Identified the +1 whip "Tormentor" {spect, rCorr Int+2}
 42202 | D:15     | Entered Level 15 of the Dungeon
 42574 | D:15     | Found a staircase to the Depths.
 42580 | D:15     | Gained Ognian as an ally
 43364 | D:15     | Identified a scroll of acquirement
 43366 | D:15     | Acquired the amulet "Tompuvvi" {RegenMP rF+++ Will- Str+8
                  | Dex+2}
 43420 | D:15     | Reached skill level 15 in Fighting
 43654 | D:15     | Found an ornate altar of the Wu Jian Council.
 44255 | Shoals:2 | Killed a kraken
 45306 | Shoals:3 | Reached XP level 18. HP: 150/163 MP: 26/26
 45569 | Shoals:3 | Noticed Polyphemus
 45578 | Shoals:3 | Killed Polyphemus
 45802 | Shoals:3 | Reached skill level 19 in Axes
 45828 | Shoals:3 | Killed Jorgrun
 45929 | Shoals:3 | Found a runed translucent door.
 46622 | Shoals:3 | Identified the amulet "Doviy" {Spirit *Corrode *Slow Regen+
                  | Slay+5}
 46972 | Shoals:4 | Entered Level 4 of the Shoals
 46994 | Shoals:4 | Found a flickering gateway to a bazaar.
 47023 | Bazaar   | Entered a bazaar
 47067 | Bazaar   | Found Seahic's Jewellery Boutique.
 47089 | Bazaar   | Found Araumour's Antique Weapon Emporium.
 47110 | Bazaar   | Found Caemnofo's Antique Weapon Boutique.
 47130 | Bazaar   | Found Vink's Antique Armour Shoppe.
 47157 | Bazaar   | Bought a bloodstained helmet for 408 gold pieces
 47157 | Bazaar   | Identified the +2 helmet of Minor Irritation {rC++ Dex-2}
                  | (You bought it in a shop in a bazaar)
 47543 | Shoals:4 | Got the Tome of Sinister Turbulence
 47712 | Shoals:4 | Reached skill level 15 in Armour
 47805 | Shoals:4 | Got a barnacled rune of Zot
 49055 | D:9      | Acquired a manual of Conjurations
 49059 | D:9      | Learned a level 1 spell: Magic Dart
 49165 | Vaults:1 | Entered Level 1 of the Vaults
 49234 | Vaults:1 | Reached skill level 1 in Conjurations
 49763 | Vaults:1 | Reached XP level 19. HP: 172/172 MP: 27/27
 50860 | Vaults:1 | Identified the +1 dagger of the Assorted Lives {spect,
                  | Str+2}
 50894 | Vaults:1 | Reached skill level 5 in Conjurations
 51097 | Vaults:2 | Paralysed by a great orb of eyes for 2 turns
 51152 | Vaults:2 | Found a magical portal.
 51324 | Vaults:2 | Reached skill level 20 in Axes
 51437 | Vaults:2 | Identified the +5 dagger "Esoezasa" {freeze, rPois rC-
                  | rCorr Stlth+}
 51617 | Vaults:2 | Reached skill level 5 in Stealth
 51757 | Vaults:2 | HP: 7/174 [something (11)]
 51759 | Vaults:2 | HP: 1/174 [something (7)]
 51760 | Vaults:2 | Slain by a vampire knight

Illustrated notes

Levels and vault maps discovered:
D:1:      dpeg_arrival_simpleton_c, layout_loops_ring
D:2:      layout_basic, grunt_ministairs_15, uniq_natasha
D:3:      layout_loops_corners, nicolae_kikubaaqudgha_miasma_corner,
          mainiacjoe_overflow_cross_hatched, serial_shops, shop,
          hangedman_abyss_or_decor_stabs, glass_columns_a
D:4:      layout_basic, vehumet_statue, grunt_gozag_statues
D:5:      layout_cave_pools, mainiacjoe_overflow_swirl,
          mainiacjoe_overflow_boulevard, serial_shops,
          nicolae_shop_gibbet_a_chance
D:6:      layout_rooms, nicolae_ru_great_annihilating_truth
D:7:      minmay_skewed_foursquare, layout_rooms, mainiacjoe_overflow_paths,
          lemuel_doored_altar, minmay_temple_entry_mist
D:8:      layout_basic, nemelex_altar_shiori, mainiacjoe_overflow_catwalk,
          ashenzari_conservatory_becter
D:9:      layout_basic, lair_entry_dummy,
          kennysheep_orc_monster_closet_entryway, lemuel_flame_loot_1
D:10:     layout_loops_cross, nzn_hepliaklqana_mist_gate, fedhas_altar_2,
          serial_nicolae_subway, nicolae_sub_station_metal,
          nicolae_sub_station_stone, nicolae_sub_station_crystal
D:11:     layout_small_grid, serial_shops, shop, nicolae_shop_self_help,
          uniq_maurice
D:12:     layout_irregular_city, minmay_fractal_squares_diagonal_5,
          uniq_nergalle, uniq_azrael, uniq_urug
D:13:     layout_irregular_city, grunt_vaults_entry_tiered, uniq_kirke,
          uniq_lodul
D:14:     layout_basic, serial_shops, shop_fountains, serial_bayou_pond_c
D:15:     gammafunk_depths_entry_grave, layout_irregular_city,
          nzn_wu_jian_council_hall
Lair:1:   layout_regular_city, uniq_grum
Lair:2:   gammafunk_lair_enchanted_lake, layout_chaotic_city,
          elwin_shoals_entry_stream, serial_rivers,
          chequers_serial_rivers_large_a, chequers_serial_rivers_large_b,
          chequers_serial_rivers_room_b, chequers_serial_rivers_micro_b,
          chequers_serial_rivers_room_a, cheibrodos_lair_lostbears, uniq_maggie
Lair:3:   layout_chaotic_city, minmay_snake_entry_guardpost_small,
          lightli_volcano_entry_magma_tube
Lair:4:   layout_hall_layers, slime_entry_1, minmay_shattered_shrine,
          grunt_megastairs_4, uniq_nessos
Lair:5:   hangedman_lair_in_review, layout_loops_ring, wormcave,
          maelrawn_ghost_gauntlet_escape, chequers_serial_rivers_small_b,
          guppyfry_lair_drakes
Shoals:1: layout_shoals, uniq_louise
Shoals:2: layout_shoals
Shoals:3: nicolae_shoals_offshore_bank_account, layout_shoals, uniq_jorgrun,
          uniq_polyphemus
Shoals:4: shoals_end_simple, layout_shoals, serial_shops, bzr_entry_customers
Snake:1:  layout_concentric_octagons, st_stairs_6, serial_bayou_crossing
Snake:2:  layout_layer_cave
Snake:3:  layout_grid_maze, hangedman_snake_wide_pillar_pass, uniq_bai_suzhen
Snake:4:  minmay_snake_end_coiled, layout_chambers, gammafunk_ghost_grave,
          hangedman_corner_corridor
Slime:1:  layout_caves, cheibrodos_slime_lost_civilization_4
Orc:1:    layout_caves, gammafunk_ghost_split
Orc:2:    grunt_orc_cross, layout_diamond_mine,
          portal_ice_cave_entry_ice_simulacra, serial_shops,
          nicolae_shop_tiny_real_fake_doors
Vaults:1: v_misc_5, v_alt_pattern_2, serial_ice_b, hangedman_vaults_pinch,
          nicolae_vaults_network_s, ontoclasm_vaults_fault,
          nicolae_vaults_tetromino_L_1, st_cells, nicolae_vaults_diamond_1,
          nicolae_vaults_diagonal_hallway_7, grunt_vaults_twisty,
          layout_vaults_quadrants
Vaults:2: mu_enter_wizlab_3, v_misc_8, grunt_vaults_bifocal, st_more_cells,
          vaults_room_corners, vaults_dpeg_encased_lava, v_misc_1,
          minmay_crypt_entry_simple_sparse, nicolae_vaults_theta,
          nicolae_vaults_tangram_2, nicolae_vaults_little_squares_3,
          nicolae_vaults_tetromino_Z_1, v_misc_5, ontoclasm_vaults_ring_large,
          nicolae_vaults_double_plus_2, nicolae_vaults_alarming,
          nicolae_vaults_sesquioval_fish, layout_vaults_big_cross

Skill      XL: |  1  2  3  4  5  6  7  8  9 10 11 12 13 14 15 16 17 18 19 |
---------------+----------------------------------------------------------+-----
Fighting       | 4 5 6 7 8 9 10 11 12 13 14 15 16 | 16.9
Axes           | 3 4 5 6 7 9 11 13 14 15 16 17 18 19 20 | 20.2
Armour         | 4 5 6 7 8 9 11 12 13 14 15 | 15.5
Shields        | 4 5 6 7 8 10 12 13 15 16 17 18 19 | 19.8
Dodging        | 1 2 3 4 5 8 10 12 13 | 13.1
Stealth        | 1 2 3 4 5 |  5.0
Invocations    | 2 5 8 10 11 | 11.7
Evocations     | 1 |  1.5
Ranged Weapons | 1 3 |  3.2
Conjurations   | 3 6 |  6.6
Unarmed Combat | |  0.5

Action                     |  1- 3 |  4- 6 |  7- 9 | 10-12 | 13-15 | 16-18 | 19-21 || total
---------------------------+-------+-------+-------+-------+-------+-------+-------++-------
  Melee: War axe           |    68 |   149 |   216 |   336 |    33 |       |       ||   802
         Hand axe          |       |       |       |   483 |  1011 |  1147 |   233 ||  2874
         Unarmed           |       |       |       |       |       |     8 |       ||     8
   Fire: Orcbow            |       |       |       |       |    39 |    24 |       ||    63
 Invoke: Convert to Beogh  |       |       |       |     1 |       |       |       ||     1
         Recall Orcish Fol |       |       |       |       |    13 |    18 |     2 ||    33
         Give Item to Name |       |       |       |       |     1 |     3 |       ||     4
         Smiting           |       |       |       |       |     1 |       |     4 ||     5
  Evoke: Wand              |       |       |       |    12 |       |     1 |       ||    13
    Use: Scroll            |       |     1 |     8 |     7 |    18 |    10 |     1 ||    45
         Potion            |       |       |     4 |     1 |     4 |     6 |     1 ||    16
   Stab: Paralysed         |       |       |     2 |       |       |       |       ||     2
         Sleeping          |       |       |       |     1 |       |       |       ||     1
         Distracted        |       |       |       |       |    16 |     8 |     4 ||    28
         Petrified         |       |       |       |       |     2 |       |       ||     2
 Armour: Scale mail        |    45 |    33 |       |       |       |       |       ||    78
         Ring mail         |       |    78 |   146 |   123 |       |       |       ||   347
         Plate armour      |       |       |       |   369 |   590 |   661 |    75 ||  1695
         Skin              |       |       |       |       |       |     9 |       ||     9
  Dodge: Dodged            |    44 |    75 |    88 |   233 |   213 |   391 |    60 ||  1104
  Block: Buckler           |    20 |    51 |   110 |       |       |       |       ||   181
         Reflection        |       |     4 |     7 |     8 |    18 |    83 |       ||   120
         Kite shield       |       |       |    16 |   770 |   723 |   994 |   112 ||  2615
         Other             |       |       |       |       |    14 |     2 |       ||    16

Table legend: (Time is in decaauts)
 A = Elapsed time spent in this place.
 B = Non-inter-level travel time spent in this place.
 C = Inter-level travel time spent in this place.
 D = Time resting spent in this place.
 E = Time spent auto-exploring this place.
 F = Levels seen in this place.
 G = Mean time per level.
                   A        B        C        D        E       F      G
               +--------+--------+--------+--------+--------+-----+--------+
         Total |  51088 |  45919 |   5169 |  10395 |  26800 |  36 | 1419.1 |
       Dungeon |  18013 |  15354 |   2659 |   2881 |  10086 |  15 | 1200.9 |
          Lair |  11608 |  10014 |   1594 |   2053 |   6206 |   5 | 2321.6 |
        Shoals |   6995 |   6762 |    233 |   1857 |   2932 |   4 | 1748.8 |
     Snake Pit |   7014 |   6626 |    388 |   1604 |   4063 |   4 | 1753.5 |
    Slime Pits |    567 |    567 |      0 |    220 |     98 |   1 |  567.0 |
  Orcish Mines |   2608 |   2377 |    231 |    407 |   1573 |   2 | 1304.0 |
        Vaults |   2471 |   2409 |     62 |    339 |   1498 |   2 | 1235.5 |
        Bazaar |    204 |    204 |      0 |      0 |    125 |   1 |  204.0 |
      Ice Cave |   1096 |   1096 |      0 |    839 |      0 |   1 | 1096.0 |
       Volcano |    509 |    509 |      0 |    195 |    218 |   1 |  509.0 |
               +--------+--------+--------+--------+--------+-----+--------+

Top non-repeatable levels by time:
     D:9: 2921 daAuts
  Lair:5: 2883 daAuts
  Lair:2: 2717 daAuts
  Lair:4: 2537 daAuts
 Snake:4: 2445 daAuts
  Lair:1: 2157 daAuts
Shoals:2: 2051 daAuts
Shoals:3: 1949 daAuts
Vaults:1: 1855 daAuts
 Snake:3: 1754 daAuts
 Snake:2: 1729 daAuts
Shoals:4: 1683 daAuts
     D:2: 1466 daAuts
     D:8: 1443 daAuts
    D:13: 1428 daAuts
